 Dungeon Crawl Stone Soup version 0.29.1-15-g9cfb28693d (webtiles) character file.

Game seed: 6702375847113041931

215474 croobank the Rich (level 19, -7/149 HPs)
             Began as a Gnoll Fire Elementalist on Mar 18, 2023.
             Was an Initiate of Gozag.
             Mangled by a merfolk impaler
             ... wielding a +3 trident of distortion
              (21 damage)
             ... on level 4 of the Shoals on Mar 19, 2023.
             The game lasted 03:23:34 (66652 turns).

croobank the Rich (Gnoll Fire Elementalist)        Turns: 66652, Time: 03:23:35

Health: -7/149     AC: 13    Str: 14    XL:     19   Next: 2%
Magic:  0/37       EV: 15    Int: 31    God:    Gozag
Gold:   4567       SH:  0    Dex:  8    Spells: 10/46 levels left

rFire   + + .      SeeInvis +   o - +5 lajatang (spect)
rCold   . . .      Faith    .   (shield currently unavailable)
rNeg    . . .      Spirit   +   a - +2 leather armour "Qoef" {+Blink Will+ Str+2 Dex-4}
rPois   .          Reflect  .   P - +2 hat {SInv}
rElec   +          Harm     .   g - scarf {repulsion}
rCorr   .          Rampage  .   k - +1 pair of gloves
Will    +++..                   N - +0 pair of boots
Stlth   +++++.....              d - amulet of the Oligarchy {Spirit rF+ Will+}
HPRegen 0.34/turn               B - ring of protection from fire
MPRegen 0.25/turn               S - ring of Eternal Harmony {rElec Str+4 Int+6}

@: spiked, gold aura, repel missiles
A: fangs 1, strong nose, distributed training, clever 1
}: 1/15 runes: gossamer
a: Renounce Religion, Evoke Blink, Potion Petition, Call Merchant, Bribe Branch


You were on level 4 of the Shoals.
You worshipped Gozag.
Gozag was most pleased with you.
You visited 6 branches of the dungeon, and saw 31 of its levels.

You collected 11097 gold pieces.
You spent 706 gold pieces at shops.
You paid 5824 gold pieces to Gozag.

Inventory:

Hand Weapons
 o - a +5 spectral lajatang (weapon)
 s - a +3 demon trident of electrocution
 Y - a +4 great sword of holy wrath
Missiles
 m - 3 throwing nets
 M - 2 curare-tipped darts
 Z - 7 silver javelins
Armour
 a - the +2 leather armour "Qoef" (worn) {+Blink Will+ Str+2 Dex-4}
   (You found it on level 1 of the Spider Nest)

   Str:       It affects your strength (+2).
   Dex:       It affects your dexterity (-4).
   +Blink:    It lets you blink.
   Will:      It increases your willpower.
 g - a scarf of repulsion (worn)
 i - an orb of light
 k - a +1 pair of gloves (worn)
 A - a +2 robe of the Archmagi
 C - a +1 buckler
 N - a +0 pair of boots (worn)
 P - a +2 hat of see invisible (worn)
Magical Staves
 Q - a staff of fire
Jewellery
 d - the amulet of the Oligarchy (around neck) {Spirit rF+ Will+}
   (You acquired it on level 4 of the Dungeon)

   [amulet of guardian spirit]

   It causes incoming damage to be divided between your reserves of health and
   magic.
   rF:        It protects you from fire.
   Will:      It increases your willpower.
 q - an amulet of magic regeneration
 t - the amulet "Zienau" {Reflect +Inv Regen+ Dex-5 SH+5 Stlth+}
   (You found it on level 4 of the Spider Nest)

   [amulet of reflection]

   It reflects blocked missile attacks.
   Dex:       It affects your dexterity (-5).
   +Inv:      It lets you turn invisible.
   Regen:     It increases your rate of health regeneration.
   SH:        It affects your SH (+5).
   Stlth:     It makes you more stealthy.
 z - a +6 ring of strength
 B - a ring of protection from fire (left hand)
 D - a ring of positive energy
 F - a ring of protection from fire
 J - a +4 ring of evasion
 S - the ring of Eternal Harmony (right hand) {rElec Str+4 Int+6}
   (You found it on level 4 of the Spider Nest)

   [ring of intelligence]

   Str:       It affects your strength (+4).
   Int:       It affects your intelligence (+6).
   rElec:     It insulates you from electricity.
Wands
 j - a wand of roots (26)
 x - a wand of flame (23)
 y - a wand of paralysis (7)
 G - a wand of acid (33)
Scrolls
 b - 5 scrolls of butterflies
 h - a scroll of blinking
 p - 5 scrolls of teleportation
 u - 3 scrolls of brand weapon
 v - 3 scrolls of vulnerability
 E - 5 scrolls of amnesia
 I - 14 scrolls of identify
 L - 2 scrolls of magic mapping
 U - 2 scrolls of fear
 V - 2 scrolls of immolation
Potions
 c - 5 potions of brilliance
 f - a potion of mutation
 l - 13 potions of curing
 n - 3 potions of haste
 r - 5 potions of attraction
 w - 2 potions of might
 H - 4 potions of cancellation
 O - a potion of flight
 R - 3 potions of lignification
 T - 8 potions of ambrosia
 W - 2 potions of magic
 X - 2 potions of berserk rage
Miscellaneous
 e - a box of beasts
 K - a tin of tremorstones (2/2)


   Skills:
 + Level 13.2 Fighting
 + Level 13.2 Short Blades
 + Level 13.2 Long Blades
 + Level 13.2 Axes
 + Level 13.2 Maces & Flails
 + Level 13.2 Polearms
 + Level 13.2 Staves
 + Level 13.2 Ranged Weapons
 + Level 13.2 Throwing
 + Level 13.2 Armour
 + Level 13.9 Dodging
 + Level 13.8 Stealth
 + Level 13.2 Shields
 + Level 13.2 Unarmed Combat
 + Level 14.1 Spellcasting
 + Level 11.4 Conjurations
 + Level 11.2 Hexes
 + Level 11.2 Summonings
 + Level 11.2 Necromancy
 + Level 11.2 Translocations
 + Level 11.2 Transmutations
 + Level 12.4 Fire Magic
 + Level 11.2 Ice Magic
 + Level 11.2 Air Magic
 + Level 11.2 Earth Magic
 + Level 11.2 Poison Magic
 + Level 14.3 Invocations
 + Level 13.2 Evocations


You had 10 spell levels left.
You knew the following spells:

 Your Spells              Type           Power      Damage    Failure   Level
a - Foxfire               Conj/Fire      100%       2x1d9     1%          1
b - Scorch                Fire           100%       2d10      1%          2
c - Inner Flame           Hex/Fire       76%        N/A       1%          3
d - Flame Wave            Conj/Fire      77%        2d17      1%          4
e - Hailstorm             Conj/Ice       75%        3d15      1%          4
f - Summon Forest         Summ/Tloc      37%        N/A       1%          5
g - Summon Mana Viper     Hex/Summ       75%        N/A       1%          5
h - Summon Cactus Giant   Summ           37%        N/A       3%          6
i - Iron Shot             Conj/Erth      37%        9d7       3%          6

Your spell library contained the following spells:

 Spells                   Type           Power      Damage    Failure   Level
 Freeze                   Ice            100%       1d11      1%          1
 Necrotise                Necr           100%       1d9       1%          1
 Poisonous Vapours        Pois/Air       100%       N/A       1%          2
 Conjure Flame            Conj/Fire      77%        6-21      1%          3
 Frozen Ramparts          Ice            100%       1d16      1%          3
 Gell's Gravitas          Tloc           75%        N/A       1%          3
 Ignite Poison            Fire/Tmut/Pois 76%        N/A       1%          3
 Lesser Beckoning         Tloc           75%        N/A       1%          3
 Mephitic Cloud           Conj/Pois/Air  75%        N/A       1%          3
 Teleport Other           Tloc           75%        N/A       1%          3
 Vampiric Draining        Necr           75%        2d11      1%          3
 Animate Armour           Summ/Erth      100%       N/A       1%          4
 Ice Form                 Ice/Tmut       75%        N/A       1%          4
 Passage of Golubria      Tloc           75%        N/A       1%          4
 Petrify                  Tmut/Erth      75%        N/A       1%          4
 Summon Ice Beast         Ice/Summ       75%        N/A       1%          4
 Agony                    Necr           75%        N/A       1%          5
 Blade Hands              Tmut           37%        N/A       1%          5
 Freezing Cloud           Conj/Ice/Air   37%        6-21      1%          5
 Metabolic Englaciation   Hex/Ice        37%        N/A       1%          5
 Silence                  Hex/Air        37%        N/A       1%          5
 Eringya's Noxious Bog    Tmut/Pois      37%        N/A       3%          6
 Statue Form              Tmut/Erth      50%        N/A       3%          6
 Monstrous Menagerie      Summ           37%        N/A       21%         7
 Summon Hydra             Summ           37%        N/A       21%         7
 Lehudib's Crystal Spear  Conj/Erth      37%        10d9      83%         8
 Corpse Rot               Necr/Pois/Air  Unusable   N/A       N/A         4
 Simulacrum               Ice/Necr       Unusable   N/A       N/A         6

Dungeon Overview and Level Annotations

Branches:
Dungeon (15/15)            Temple (1/1) D:5            Lair (5/5) D:11
 Shoals (4/4) Lair:2       Spider (4/4) Lair:3        Slime (0/5) Lair:4
    Orc (2/2) D:10            Elf (0/3) Orc:2        Vaults (0/5) D:14
 Depths (0/4) D:15

Altars:
Ashenzari
Cheibriados
Dithmenos
Elyvilon
Fedhas
Gozag
Hepliaklqana
Kikubaaqudgha
Makhleb
Nemelex Xobeh
Okawaru
Qazlal
Ru
Sif Muna
Trog
Uskayaw
Vehumet
Wu Jian
Xom
Yredelemnul
Zin
The Shining One
Jiyva

Shops:
Orc:2 ?:?(   Shoals:3 (

Portals:
Pandemonium: Orc:2

Annotations:
D:8 2 transporters
D:14 exclusion: downstairs
Lair:1 2 transporters, sweetbreads's ghost, journeyman GrEE
Shoals:2 Polyphemus


Innate Abilities, Weirdness & Mutations

You have very sharp teeth.
Your uncanny sense of smell can sniff out nearby items.
Your experience applies equally to all skills.
Your mind is acute. (Int +4, Str/Dex -1)


Message History

The merfolk impaler is almost dead.
The merfolk impaler hits you from afar with a +3 trident of distortion!!
You blink.
The manticore flicks its tail.
The volley of spikes hits you.
The barbed spikes become lodged in your body.
The merfolk impaler hits you from afar with a +3 trident of distortion!
Space warps around you.
Casting: Scorch (safe; 1% risk of failure)
Confirm with . or Enter, or press ? or * to list all spells.
Flames lash the manticore.
The manticore is burned terribly!
The manticore is heavily wounded.
The merfolk impaler hits you from afar with a +3 trident of distortion!
Casting: Scorch (safe; 1% risk of failure)
Confirm with . or Enter, or press ? or * to list all spells.
Flames lash the merfolk impaler.
The merfolk impaler is burned terribly!
The merfolk impaler is almost dead.
The merfolk impaler hits you from afar with a +3 trident of distortion.
Space warps around you. The manticore barely misses you. x2
The manticore completely misses you.
The merfolk impaler hits you from afar with a +3 trident of distortion.
Space warps horribly around you!!
* * * LOW HITPOINT WARNING * * *
Casting: Scorch (safe; 1% risk of failure)
Confirm with . or Enter, or press ? or * to list all spells.
Flames lash the manticore.
The manticore is burned terribly!
The manticore is almost dead.
The merfolk impaler hits you from afar with a +3 trident of distortion.
* * * LOW HITPOINT WARNING * * *
Space warps around you.
* * * LOW HITPOINT WARNING * * *
The manticore bites you!
* * * LOW HITPOINT WARNING * * *
The manticore claws you!
* * * LOW HITPOINT WARNING * * *
The manticore claws you but does no damage.
The merfolk impaler hits you but does no damage.
Space warps horribly around you!!
You die...
Your body crumbles into a pile of gold.

≈≈≈≈≈≈≈≈≈≈≈≈≈≈≈≈≈≈≈
≈≈≈≈≈~~~~~~~≈≈≈≈≈≈≈
≈≈≈≈~~~~~~~~~≈≈≈≈≈≈
≈≈~~~~~~..~~~~≈≈≈≈≈≈
≈~~~~~~<...~~~≈≈≈≈≈≈≈≈
~~~~~~......~~~~≈≈≈≈≈≈≈
~~~~~....m...~~~≈≈≈≈≈≈≈≈
~~~~~...H....~~~≈≈≈≈≈≈≈≈≈
~~~~~...@....~~~≈≈≈≈≈≈≈≈≈
~~~~~.......~~~~≈≈≈≈≈≈≈≈≈
~~~~~......~~~~~~≈≈≈≈≈≈≈≈
~~~~~~....~~~~~~~~≈≈≈≈≈≈≈
~~~≈~~~..~~~~~~~~~~~~~~~~
~~~≈~~~~#~~#~##~~~~~~~~~~
≈≈≈≈≈≈≈≈≈≈~~~#######..~.......
≈≈≈≈≈≈≈≈≈≈≈~##~~#~#~##~........
≈≈≈≈≈≈≈≈≈≈≈≈≈..#~~~≈~~~##......$.


You could see a merfolk impaler (combustible) and a manticore (combustible).

Vanquished Creatures
  Mlioglotl (Shoals:3)
  Gastronok (D:11)
  Agnes (D:13)
  Roxanne (Shoals:1)
  5 emperor scorpions (Spider:4)
  Louise (D:15)
  3 ghost moths (Spider:4)
  A broodmother (Spider:4)
  An entropy weaver (Spider:3)
  5 merfolk javelineers
  2 merfolk impalers (Shoals:1)
  A rakshasa (D:15)
  5 boulder beetles
  9 hydras
  8 catoblepae
  A demonspawn (Orc:2)
  4 centaur warriors
  2 jorogumos
  5 two-headed ogres
  2 alligator snapping turtles (Shoals:2)
  2 radroaches
  2 merfolk avatars
  A satyr (Shoals:2)
  2 merfolk aquamancers (Shoals:2)
  14 death yaks
  Urug (D:11)
  6 orc high priests (Orc:2)
  Nergalle (Lair:1)
  5 pharaoh ants
  2 skeletal warriors (D:14)
  6 sea snakes
  5 orb spiders
  7 steelbarb worms
  6 spectral wolf spiders (Spider:2)
  A wizard (D:15)
  A deep elf pyromancer (D:13)
  2 wolf spider zombies (Spider:2)
  2 lindwurms (Lair:5)
  3 orc knights
  14 harpies
  19 wolf spiders
  An oklob plant (D:10)
  16 fauns
  3 ugly things
  3 cyclopes
  5 orc sorcerers (Orc:2)
  A shining eye (shapeshifter) (D:15)
  3 elephants (Lair:3)
  6 manticores
  10 merfolk sirens
  2 moths of wrath (Spider:1)
  A black mamba (shapeshifter) (D:14)
  2 black mambas
  7 water nymphs
  2 torpor snails
  8 cane toads
  2 unseen horrors
  7 nameless horrors
  7 rime drakes
  3 kobold demonologists
  7 demonic crawlers
  2 yaktaurs (D:15)
  6 komodo dragons
  2 hellwings (Orc:2)
  2 meliai (D:14)
  12 merfolk
  A troll (D:10)
  A polar bear (D:11)
  3 wolf spider simulacra (Spider:2)
  9 blink frogs
  6 wind drakes
  8 slime creatures
  4 snapping turtles
  14 tarantellas
  Grinder (D:3)
  7 dream sheep
  21 jumping spiders
  A shadow (D:10)
  Sigmund (D:6)
  16 culicivoras
  A spriggan (D:9)
  11 water elementals
  9 wraiths
  A vampire (D:13)
  2 basilisks
  5 wyverns
  53 yaks
  37 redbacks
  A neqoxec (Orc:2)
  3 vampire mosquitoes
  3 wargs
  An acid dragon (D:9)
  7 water moccasins
  A sky beast (D:8)
  2 ice beasts
  2 black bears
  21 orc warriors
  5 ogres
  19 wolves
  5 centaurs
  3 phantoms
  8 kobold brigands
  4 bullfrogs
  2 necrophages
  3 scorpions
  3 gnoll sergeants
  4 wights (D:9)
  3 troll zombies (D:10)
  22 killer bees
  3 jellies
  7 electric eels
  5 hounds
  Crazy Yiuf (D:4)
  15 orc priests
  2 gnoll boudas
  5 iguanas
  17 orc wizards
  Ijyb (D:5)
  5 ogre zombies (D:10)
  27 gnolls
  12 adders
  2 ufetubi
  2 dart slugs (D:3)
  2 worms
  62 orcs
  7 bats
  8 endoplasms
  4 giant cockroaches
  5 goblins
  7 hobgoblins
  2 jackals (D:2)
  30 kobolds
  5 quokkas
  10 ball pythons
  7 frilled lizards
  2 goblin skeletons (D:10)
  A goblin zombie (D:10)
  A hobgoblin skeleton (D:10)
  A hobgoblin zombie (D:10)
  4 orc skeletons (D:10)
  16 orc zombies (D:10)
  6 rats
899 creatures vanquished.

Vanquished Creatures (collateral kills)
  Jorgrun (Orc:1)
  Ilsuiw (Shoals:2)
  An emperor scorpion (Spider:4)
  A ghost moth (Spider:4)
  An orc warlord (Orc:2)
  Snorg (D:14)
  Josephine (D:13)
  A merfolk impaler (Shoals:4)
  A yaktaur captain (D:15)
  A great orb of eyes (D:15)
  A boulder beetle (Spider:4)
  Erolcha (Orc:1)
  A hydra (D:14)
  4 vault guards (D:14)
  A centaur warrior (D:15)
  3 radroaches
  3 merfolk aquamancers (Shoals:4)
  3 satyrs
  6 orb spiders
  2 skeletal warriors (D:14)
  3 pharaoh ants
  A sea snake (Shoals:3)
  A steelbarb worm (Spider:3)
  A bog body (Shoals:2)
  A spectral wolf spider (Spider:2)
  5 lindwurms
  A wizard (D:15)
  A wolf spider zombie (Spider:2)
  2 ugly things (D:15)
  3 orc sorcerers (Orc:2)
  3 orc knights (Orc:2)
  10 fauns
  3 harpies
  6 wolf spiders
  2 cyclopes
  2 manticores
  5 merfolk sirens
  Maurice (Orc:1)
  A torpor snail (Spider:4)
  An orange demon (Orc:2)
  3 demonic crawlers (Spider:2)
  2 yaktaurs (D:15)
  An efreet (D:14)
  A komodo dragon (Lair:5)
  A troll (D:14)
  A queen bee (D:14)
  An ice devil (Orc:2)
  7 merfolk
  A meliai (D:14)
  8 tarantellas
  A slime creature (D:13)
  A snapping turtle (Shoals:2)
  5 jumping spiders
  2 water elementals (Shoals:4)
  3 culicivoras
  A shadow (D:13)
  A yak (Lair:4)
  A basilisk (D:13)
  10 redbacks
  9 orc warriors
  7 killer bees (D:14)
  5 orc priests
  4 orc wizards
  2 nameless horrors
  A boggart simulacrum (D:14)
  16 orcs
  A kobold (D:13)
  41 foxfires
225 creatures vanquished.

Vanquished Creatures (others)
  A satyr (Shoals:2)
  An orb spider (Spider:4)
  A tarantella (Spider:2)
  2281 foxfires
  61 fungi
  154 plants
  16 snaplasher vines
2515 creatures vanquished.

Grand Total: 3639 creatures vanquished

Notes
Turn   | Place    | Note
-------+----------+-------------------------------------------
     0 | D:1      | croobank the Gnoll Fire Elementalist began the quest for
                  | the Orb.
     0 | D:1      | Reached XP level 1. HP: 13/13 MP: 6/6
    73 | D:1      | Found a faded altar of an unknown god.
   344 | D:1      | Reached XP level 2. HP: 19/19 MP: 5/7
   728 | D:1      | Learned a level 2 spell: Scorch
  1400 | D:2      | Reached skill level 5 in Spellcasting
  1400 | D:2      | Reached XP level 3. HP: 25/25 MP: 1/9
  1735 | D:2      | Reached skill level 1 in Invocations
  2296 | D:2      | Reached skill level 1 in Fighting
  2296 | D:2      | Reached skill level 1 in Short Blades
  2296 | D:2      | Reached skill level 1 in Long Blades
  2296 | D:2      | Reached skill level 1 in Axes
  2296 | D:2      | Reached skill level 1 in Maces & Flails
  2296 | D:2      | Reached skill level 1 in Polearms
  2296 | D:2      | Reached skill level 1 in Staves
  2296 | D:2      | Reached skill level 1 in Ranged Weapons
  2296 | D:2      | Reached skill level 1 in Throwing
  2296 | D:2      | Reached skill level 1 in Armour
  2296 | D:2      | Reached skill level 1 in Shields
  2296 | D:2      | Reached skill level 1 in Unarmed Combat
  2296 | D:2      | Reached skill level 1 in Evocations
  2468 | D:2      | Reached XP level 4. HP: 32/32 MP: 6/11
  3324 | D:3      | Reached skill level 1 in Hexes
  3324 | D:3      | Reached skill level 1 in Summonings
  3324 | D:3      | Reached skill level 1 in Necromancy
  3324 | D:3      | Reached skill level 1 in Translocations
  3324 | D:3      | Reached skill level 1 in Transmutations
  3324 | D:3      | Reached skill level 1 in Ice Magic
  3324 | D:3      | Reached skill level 1 in Air Magic
  3324 | D:3      | Reached skill level 1 in Earth Magic
  3324 | D:3      | Reached skill level 1 in Poison Magic
  3735 | D:3      | Reached XP level 5. HP: 37/37 MP: 6/12
  3900 | D:3      | Noticed Grinder
  3904 | D:3      | Killed Grinder
  3905 | D:3      | Reached skill level 5 in Dodging
  3905 | D:3      | Reached XP level 6. HP: 32/44 MP: 4/14
  4505 | D:4      | Noticed a black bear
  4766 | D:4      | Found Teomecyt's Self-Improvement Boutique.
  4796 | D:4      | Reached XP level 7. HP: 50/50 MP: 3/15
  5342 | D:4      | Found a runed translucent door.
  5343 | D:4      | Noticed Crazy Yiuf
  5352 | D:4      | Killed Crazy Yiuf
  5682 | D:4      | Reached skill level 5 in Stealth
  6015 | D:4      | Learned a level 4 spell: Flame Wave
  6254 | D:4      | Identified a scroll of acquirement
  6254 | D:4      | Acquired the amulet of the Oligarchy {Spirit rF+ Will+}
  6285 | D:5      | Entered Level 5 of the Dungeon
  6531 | D:5      | Reached XP level 8. HP: 58/58 MP: 10/16
  6856 | D:5      | Noticed Ijyb
  6867 | D:5      | Found a glowing silver altar of Zin.
  6886 | D:5      | Killed Ijyb
  7035 | D:5      | Found a hazy altar of Hepliaklqana.
  7154 | D:5      | Found a staircase to the Ecumenical Temple.
  7161 | Temple   | Entered the Ecumenical Temple
  7183 | Temple   | Became a worshipper of Gozag Ym Sagoz the Greedy
  8324 | D:6      | Noticed Sigmund
  8328 | D:6      | Killed Sigmund
  8329 | D:6      | Reached XP level 9. HP: 65/65 MP: 12/18
  8375 | D:6      | Found a stormy altar of Qazlal.
  8546 | D:6      | Found a shimmering blue altar of Sif Muna.
  8549 | D:6      | Found a sacrificial altar of Ru.
 10155 | D:7      | Found a shadowy altar of Dithmenos.
 10246 | D:7      | Reached skill level 5 in Invocations
 10736 | D:8      | Found a transporter.
 10739 | D:8      | Found a transporter.
 10739 | D:8      | Noticed a boulder beetle
 11710 | D:9      | Reached skill level 5 in Fighting
 11710 | D:9      | Reached skill level 5 in Short Blades
 11710 | D:9      | Reached skill level 5 in Long Blades
 11710 | D:9      | Reached skill level 5 in Axes
 11710 | D:9      | Reached skill level 5 in Maces & Flails
 11710 | D:9      | Reached skill level 5 in Polearms
 11710 | D:9      | Reached skill level 5 in Staves
 11710 | D:9      | Reached skill level 5 in Ranged Weapons
 11710 | D:9      | Reached skill level 5 in Throwing
 11710 | D:9      | Reached skill level 5 in Armour
 11710 | D:9      | Reached skill level 5 in Shields
 11710 | D:9      | Reached skill level 5 in Unarmed Combat
 11710 | D:9      | Reached skill level 5 in Evocations
 11710 | D:9      | Reached XP level 10. HP: 53/74 MP: 6/20
 12499 | D:9      | Reached skill level 5 in Conjurations
 12768 | D:9      | Noticed a two-headed ogre
 12785 | D:9      | Killed a two-headed ogre
 12793 | D:10     | Entered Level 10 of the Dungeon
 13501 | D:10     | Noticed a two-headed ogre
 14114 | D:10     | Killed a two-headed ogre
 14115 | D:10     | Reached skill level 5 in Hexes
 14115 | D:10     | Reached skill level 5 in Summonings
 14115 | D:10     | Reached skill level 5 in Necromancy
 14115 | D:10     | Reached skill level 5 in Translocations
 14115 | D:10     | Reached skill level 5 in Transmutations
 14115 | D:10     | Reached skill level 5 in Ice Magic
 14115 | D:10     | Reached skill level 5 in Air Magic
 14115 | D:10     | Reached skill level 5 in Earth Magic
 14115 | D:10     | Reached skill level 5 in Poison Magic
 14115 | D:10     | Reached XP level 11. HP: 81/81 MP: 10/23
 16092 | D:10     | Found a staircase to the Orcish Mines.
 16625 | D:10     | Noticed a cyan ugly thing
 16633 | D:10     | Killed a cyan ugly thing
 17450 | D:10     | Found a blossoming altar of Fedhas.
 17465 | D:10     | Noticed an oklob plant
 17510 | D:10     | Killed an oklob plant
 17758 | D:11     | Noticed Gastronok
 17897 | D:10     | Learned a level 3 spell: Inner Flame
 17902 | D:10     | Learned a level 4 spell: Hailstorm
 18452 | D:11     | Found a staircase to the Lair.
 18459 | Lair:1   | Entered Level 1 of the Lair of Beasts
 18477 | D:11     | Noticed Urug
 18872 | D:11     | Killed Urug
 19542 | D:12     | Noticed a two-headed ogre
 19550 | D:12     | Killed a two-headed ogre
 19706 | D:11     | Killed Gastronok
 19707 | D:11     | Reached XP level 12. HP: 65/91 MP: 1/24
 20694 | D:11     | Found a sacrificial altar of Ru.
 20863 | D:12     | Noticed a boulder beetle
 20981 | Lair:1   | Found a transporter.
 21268 | Lair:1   | Noticed sweetbreads's ghost (journeyman GrEE)
 21539 | Lair:1   | Noticed a boulder beetle
 21616 | Lair:1   | Found a transporter.
 21678 | Lair:1   | Found an ornate altar of the Wu Jian Council.
 21981 | Lair:2   | Noticed Nergalle
 22214 | Lair:2   | Noticed a six-headed hydra
 22225 | Lair:1   | Killed Nergalle
 22627 | Lair:2   | Learned a level 5 spell: Summon Forest
 22652 | Lair:2   | Killed a six-headed hydra
 22995 | Lair:2   | Found a staircase to the Shoals.
 24623 | Lair:3   | Found a hole to the Spider Nest.
 25060 | Lair:3   | Noticed a catoblepas
 25062 | Lair:3   | Noticed a catoblepas
 25698 | Lair:3   | Killed a catoblepas
 25699 | Lair:3   | Reached XP level 13. HP: 89/98 MP: 14/26
 27457 | Lair:3   | Reached skill level 10 in Spellcasting
 28419 | Lair:4   | Learned a level 5 spell: Summon Mana Viper
 28854 | Lair:4   | Reached skill level 10 in Dodging
 28914 | Lair:4   | Found a viscous altar of Jiyva.
 28914 | Lair:4   | Found a staircase to the Slime Pits.
 29250 | Lair:5   | Entered Level 5 of the Lair of Beasts
 30138 | Lair:5   | Reached skill level 10 in Stealth
 30831 | Lair:5   | Reached skill level 10 in Invocations
 30831 | Lair:5   | Reached XP level 14. HP: 108/108 MP: 25/28
 32848 | Orc:1    | Entered Level 1 of the Orcish Mines
 32850 | Orc:1    | Noticed Jorgrun
 32874 | Orc:1    | Killed Jorgrun
 32911 | Orc:1    | Noticed Maurice
 32923 | Orc:1    | Killed Maurice
 33550 | Orc:2    | Entered Level 2 of the Orcish Mines
 33587 | Orc:2    | Found a staircase to the Elven Halls.
 33652 | Orc:1    | Noticed Erolcha
 33671 | Orc:1    | Killed Erolcha
 33933 | Orc:2    | Noticed an orc warlord
 33949 | Orc:2    | Killed an orc warlord
 34350 | Orc:2    | Reached skill level 10 in Fire Magic
 35364 | Orc:2    | Reached skill level 10 in Fighting
 35364 | Orc:2    | Reached skill level 10 in Short Blades
 35364 | Orc:2    | Reached skill level 10 in Long Blades
 35364 | Orc:2    | Reached skill level 10 in Axes
 35364 | Orc:2    | Reached skill level 10 in Maces & Flails
 35364 | Orc:2    | Reached skill level 10 in Polearms
 35364 | Orc:2    | Reached skill level 10 in Staves
 35364 | Orc:2    | Reached skill level 10 in Ranged Weapons
 35364 | Orc:2    | Reached skill level 10 in Throwing
 35364 | Orc:2    | Reached skill level 10 in Armour
 35364 | Orc:2    | Reached skill level 10 in Shields
 35364 | Orc:2    | Reached skill level 10 in Unarmed Combat
 35364 | Orc:2    | Reached skill level 10 in Evocations
 35532 | Orc:2    | Found Efum's Magic Scroll Boutique.
 35535 | Orc:2    | Found Quammeh's Magic Scroll Shop.
 36295 | Orc:2    | Bought a scroll of blinking for 97 gold pieces
 36295 | Orc:2    | Bought a scroll of brand weapon for 123 gold pieces
 36295 | Orc:2    | Bought a scroll of butterflies for 52 gold pieces
 36295 | Orc:2    | Bought a scroll of enchant armour for 97 gold pieces
 36295 | Orc:2    | Bought a scroll of teleportation for 39 gold pieces
 36295 | Orc:2    | Bought a scroll of teleportation for 39 gold pieces
 36410 | Orc:2    | Bought a scroll of teleportation for 39 gold pieces
 36410 | Orc:2    | Bought a scroll of summoning for 123 gold pieces
 36410 | Orc:2    | Bought a scroll of enchant weapon for 97 gold pieces
 36435 | Orc:2    | Reached XP level 15. HP: 114/115 MP: 19/30
 38158 | Orc:2    | Found Vesuyroj's Antique Weapon Shoppe.
 38158 | Orc:2    | Found Piexkou's Book Emporium.
 38158 | Orc:2    | Found a one-way gate leading to the halls of Pandemonium.
 40289 | D:14     | Noticed Josephine
 40297 | D:14     | Noticed Agnes
 40706 | D:13     | Killed Agnes
 41110 | D:13     | Killed Josephine
 41568 | D:14     | Learned a level 6 spell: Summon Cactus Giant
 41889 | D:14     | Found a gate to the Vaults.
 42137 | D:14     | Found an iron altar of Okawaru.
 42143 | D:14     | Noticed Snorg
 42152 | D:14     | Killed Snorg
 42347 | D:15     | Entered Level 15 of the Dungeon
 43600 | D:14     | Reached XP level 16. HP: 48/124 MP: 0/32
 43924 | D:15     | Noticed Louise
 43939 | D:15     | Killed Louise
 45412 | D:15     | Found a staircase to the Depths.
 45417 | D:15     | Gained mutation: You have hidden genetic defects. [a
                  | shining eye]
 46007 | Spider:1 | Entered Level 1 of the Spider Nest
 47257 | Spider:1 | Identified the +2 leather armour "Qoef" {+Blink Will+ Str+2
                  | Dex-4}
 47668 | Spider:1 | Gained mutation: You are dopey. (Int -2) [hidden defects]
 47669 | Spider:1 | Lost mutation: You are dopey. (Int -2) [potion of mutation]
 47669 | Spider:1 | Lost mutation: You have hidden genetic defects. [potion of
                  | mutation]
 47669 | Spider:1 | Gained mutation: You sometimes lose your temper in combat.
                  | [potion of mutation]
 47669 | Spider:1 | Gained mutation: You expend magic power (3 MP) to
                  | strengthen your wands. [potion of mutation]
 47937 | Spider:1 | Lost mutation: You expend magic power (3 MP) to strengthen
                  | your wands. [potion of mutation]
 47937 | Spider:1 | Lost mutation: You sometimes lose your temper in combat.
                  | [potion of mutation]
 47937 | Spider:1 | Gained mutation: Your mind is acute. (Int +4, Str/Dex -1)
                  | [potion of mutation]
 48245 | Spider:1 | Learned a level 6 spell: Iron Shot
 48262 | Spider:1 | Identified the +4 scale mail of Honour {*Corrode *Slow
                  | rPois rF+++}
 48561 | Spider:1 | You fall into a shaft and drop 1 floor!
 48709 | Spider:2 | Reached skill level 10 in Conjurations
 50784 | Spider:2 | Reached XP level 17. HP: 95/133 MP: 18/33
 51961 | Spider:3 | Reached skill level 10 in Hexes
 51961 | Spider:3 | Reached skill level 10 in Summonings
 51961 | Spider:3 | Reached skill level 10 in Necromancy
 51961 | Spider:3 | Reached skill level 10 in Translocations
 51961 | Spider:3 | Reached skill level 10 in Transmutations
 51961 | Spider:3 | Reached skill level 10 in Ice Magic
 51961 | Spider:3 | Reached skill level 10 in Air Magic
 51961 | Spider:3 | Reached skill level 10 in Earth Magic
 51961 | Spider:3 | Reached skill level 10 in Poison Magic
 54382 | Spider:4 | Entered Level 4 of the Spider Nest
 57106 | Spider:4 | Identified the amulet "Zienau" {Reflect +Inv Regen+ Dex-5
                  | SH+5 Stlth+}
 57581 | Spider:4 | Got a gossamer rune of Zot
 58507 | Spider:4 | Identified the ring of Eternal Harmony {rElec Str+4 Int+6}
 58766 | Shoals:1 | Entered Level 1 of the Shoals
 58919 | Shoals:1 | Noticed Roxanne
 58953 | Shoals:1 | Reached XP level 18. HP: 28/141 MP: 1/35
 58962 | Shoals:1 | You fall into a shaft and drop 1 floor!
 59155 | Shoals:2 | Noticed Polyphemus
 61007 | Shoals:1 | Killed Roxanne
 61235 | Shoals:2 | Noticed Ilsuiw
 61245 | Shoals:2 | Killed Ilsuiw
 63668 | Shoals:3 | Found Waume's Weapon Boutique.
 63939 | Shoals:3 | Noticed Mlioglotl
 63957 | Shoals:3 | Killed Mlioglotl
 64834 | Shoals:4 | Entered Level 4 of the Shoals
 65906 | Shoals:4 | Identified the +7 halberd of Lomim {drain, *Slow Str+8
                  | Dex+3 SInv}
 65912 | Shoals:4 | Reached XP level 19. HP: 104/149 MP: 13/37
 66652 | Shoals:4 | Mangled by a merfolk impaler

Illustrated notes

Levels and vault maps discovered:
D:1:      heliophobic_arrival_ceremonial_halls, layout_basic,
          ebering_ecumenical_altar_box
D:2:      layout_loops_corners
D:3:      layout_loops_corners, serial_bayou, serial_bayou_pond_d,
          serial_bayou_pond_b, serial_bayou_pond_b, serial_bayou_pond_e,
          uniq_grinder
D:4:      layout_basic, nicolae_shop_self_help, uniq_crazy_yiuf_cottage
D:5:      layout_gridville, kennysheep_mini, zin_academy,
          minmay_temple_entry_nine_rooms, grunt_ministairs_14, uniq_ijyb
D:6:      layout_layer_cave, mainiacjoe_overflow_large_starburst,
          grunt_qazlal_sundering, minivault_19, kennysheep_donut, uniq_sigmund
D:7:      layout_rooms, mainiacjoe_overflow_small_starburst
D:8:      gammafunk_boulding_lane, layout_gridville, serial_rivers,
          chequers_serial_rivers_micro_a, chequers_serial_rivers_small_b,
          chequers_serial_rivers_large_b, chequers_serial_rivers_micro_d,
          chequers_serial_rivers_micro_a
D:9:      layout_cave_pools, serial_bayou_pond_d, the_hattery
D:10:     cheibrodos_two_vegetables, layout_loops_ring, tgw_fedhas,
          zombieorc2_lemuel
D:11:     layout_basic, lair_entry_dummy, nicolae_ru_the_path_less_chosen,
          uniq_gastronok, uniq_urug
D:12:     layout_rooms
D:13:     layout_grid_maze
D:14:     layout_roguey, lightli_vaults_fourway_checkpoint,
          okawaru_ov_weapons_minmay, special_room [special_room_bee],
          minivault_5, uniq_agnes, uniq_josephine, uniq_snorg
D:15:     gammafunk_enter_depths_forms, layout_gridville,
          nicolae_concentric_dashed_squares_wild, uniq_louise
Temple:   hellmonk_temple_of_storms
Lair:1:   layout_misc_corridors, basic_altar, nzn_ghost_randoct
Lair:2:   layout_big_grid, shoals_dummy_entry, infiniplex_staircase_pool,
          grunt_megastairs_1, uniq_nergalle
Lair:3:   nzn_motion_control, layout_loops_ring, spider_nest_entry_rubble,
          nicolae_lair_lil_pond, minivault_23
Lair:4:   layout_layer_cave, dpeg_slime_entry_corner, nicolae_lair_yak_garden
Lair:5:   evilmike_catoblepas_cave, layout_loops_ring, minmay_lindwurm_lava
Shoals:1: layout_shoals, nicolae_shoals_mertower, uniq_roxanne
Shoals:2: layout_shoals, nicolae_shoals_secluded_bog, uniq_polyphemus,
          uniq_ilsuiw
Shoals:3: layout_shoals, serial_shops, nicolae_lakefront_shop, uniq_mlioglotl
Shoals:4: shoals_end_grunt_ice, layout_shoals
Spider:1: layout_spider_delve
Spider:2: layout_spider_delve, nicolae_spider_undead_wolf_pack
Spider:3: layout_chambers, guppyfry_spider_mini_2, nicolae_spider_cling_halls
Spider:4: grunt_spider_rune_circles, nicolae_orb_island
Orc:1:    layout_caves, uniq_jorgrun, uniq_maurice, uniq_erolcha
Orc:2:    pf_orc_diabolical, layout_caves

Skill      XL: |  1  2  3  4  5  6  7  8  9 10 11 12 13 14 15 16 17 18 |
---------------+-------------------------------------------------------+-----
Conjurations   | 2 3 4 5 6 7 8 9 10 11 | 11.4
Spellcasting   | 5 6 7 8 9 10 11 12 13 14 | 14.1
Invocations    | 1 2 3 4 5 6 7 8 10 11 12 13 14 | 14.3
Fighting       | 1 2 3 5 6 7 8 9 10 11 12 13 | 13.2
Short Blades   | 1 2 3 5 6 7 8 9 10 11 12 13 | 13.2
Long Blades    | 1 2 3 5 6 7 8 9 10 11 12 13 | 13.2
Axes           | 1 2 3 5 6 7 8 9 10 11 12 13 | 13.2
Maces & Flails | 1 2 3 5 6 7 8 9 10 11 12 13 | 13.2
Polearms       | 1 2 3 5 6 7 8 9 10 11 12 13 | 13.2
Staves         | 1 2 3 5 6 7 8 9 10 11 12 13 | 13.2
Ranged Weapons | 1 2 3 5 6 7 8 9 10 11 12 13 | 13.2
Throwing       | 1 2 3 5 6 7 8 9 10 11 12 13 | 13.2
Armour         | 1 2 3 5 6 7 8 9 10 11 12 13 | 13.2
Shields        | 1 2 3 5 6 7 8 9 10 11 12 13 | 13.2
Unarmed Combat | 1 2 3 5 6 7 8 9 10 11 12 13 | 13.2
Evocations     | 1 2 3 5 6 7 8 9 10 11 12 13 | 13.2
Hexes          | 1 2 3 4 5 6 7 8 9 10 11 | 11.2
Summonings     | 1 2 3 4 5 6 7 8 9 10 11 | 11.2
Necromancy     | 1 2 3 4 5 6 7 8 9 10 11 | 11.2
Translocations | 1 2 3 4 5 6 7 8 9 10 11 | 11.2
Transmutations | 1 2 3 4 5 6 7 8 9 10 11 | 11.2
Ice Magic      | 1 2 3 4 5 6 7 8 9 10 11 | 11.2
Air Magic      | 1 2 3 4 5 6 7 8 9 10 11 | 11.2
Earth Magic    | 1 2 3 4 5 6 7 8 9 10 11 | 11.2
Poison Magic   | 1 2 3 4 5 6 7 8 9 10 11 | 11.2
Dodging        | 5 6 7 8 9 10 11 12 13 | 13.9
Stealth        | 5 6 7 8 9 10 11 12 13 | 13.8
Fire Magic     | 6 7 8 9 10 11 12 | 12.4

Action                   |  1- 3 |  4- 6 |  7- 9 | 10-12 | 13-15 | 16-18 | 19-21 || total
-------------------------+-------+-------+-------+-------+-------+-------+-------++-------
Melee: Unarmed           |     2 |       |       |       |       |       |       ||     2
       Dagger            |     7 |     2 |     3 |       |       |       |       ||    12
       Bite              |       |       |     4 |    26 |    38 |    69 |       ||   137
       Short sword       |       |       |    17 |   114 |       |       |       ||   131
       Demon trident     |       |       |       |    44 |   199 |       |       ||   243
       Punch             |       |       |       |       |    11 |       |       ||    11
       Staff             |       |       |       |       |     3 |       |       ||     3
       Lajatang          |       |       |       |       |    46 |   393 |       ||   439
 Fire: Sling             |       |     3 |       |       |       |       |       ||     3
       Shortbow          |       |       |       |       |    36 |       |       ||    36
Throw: Dart              |       |       |       |       |     8 |       |       ||     8
 Cast: Foxfire           |    55 |    71 |   179 |   253 |   339 |   486 |    10 ||  1393
       Scorch            |    16 |    26 |   113 |   350 |   389 |   484 |    19 ||  1397
       Flame Wave        |       |       |       |    10 |    36 |    10 |       ||    56
       Summon Forest     |       |       |       |       |    41 |    43 |       ||    84
       Summon Mana Viper |       |       |       |       |    28 |    46 |       ||    74
       Inner Flame       |       |       |       |       |    15 |     1 |       ||    16
       Summon Cactus Gia |       |       |       |       |       |    38 |       ||    38
       Iron Shot         |       |       |       |       |       |     4 |       ||     4
Invok: Potion Petition   |       |       |       |     2 |     7 |     4 |       ||    13
 Abil: Evoke Blink       |       |       |       |       |       |     1 |       ||     1
Evoke: Wand              |       |       |       |     3 |    11 |       |       ||    14
       Box of beasts     |       |       |       |       |       |     1 |       ||     1
  Use: Scroll            |       |       |    12 |    17 |    17 |     7 |       ||    53
       Potion            |       |       |     2 |     9 |    12 |    14 |     1 ||    38
 Stab: Distracted        |       |       |       |     2 |     9 |     9 |       ||    20
       Sleeping          |       |       |       |     1 |       |     1 |       ||     2
       Petrified         |       |       |       |       |     1 |       |       ||     1
       Invisible         |       |       |       |       |       |     2 |       ||     2
Armor: Robe              |     4 |       |       |       |       |   129 |       ||   133
       Leather armour    |     2 |     3 |     1 |       |       |    71 |     5 ||    82
       Ring mail         |       |       |    24 |   157 |   171 |     9 |       ||   361
       Skin              |       |       |       |       |     3 |       |       ||     3
Dodge: Dodged            |    14 |     7 |    49 |   219 |   429 |   683 |    30 ||  1431
       Repelled          |       |       |       |     6 |     7 |    10 |     5 ||    28
Block: Buckler           |       |       |    20 |   105 |    56 |       |       ||   181
